 Dungeon Crawl Stone Soup version 0.26-a0-651-gb41185065b (webtiles) character file.

Game seed: 18092354607416170050

674 Ozzies the Fighter (level 7, -2/34 HPs)
             Began as a Gargoyle Fighter on Oct 14, 2020.
             Slain by a small abomination (5 damage)
             ... on level 2 of the Abyss.
             The game lasted 00:07:35 (4695 turns).

Ozzies the Fighter (Gargoyle Fighter)               Turns: 4695, Time: 00:07:36

Health: -2/34      AC: 11    Str: 17 (18) XL:     7   Next: 59%
Magic:  0/5        EV:  7    Int:  4      God:
Gold:   364        SH:  9    Dex: 11      Spells: 6/6 levels left

rFire    . . .     SeeInvis .   a - +0 flail
rCold    . . .     Faith    .   c - +0 kite shield
rNeg     + . .     Spirit   +   b - +0 scale mail
rPois    ∞         Reflect  .   h - +0 helmet
rElec    +         Harm     .   (no cloak)
rCorr    .         Rampage  .   (no gloves)
MR       .....     Rnd*Rage +   r - +0 pair of boots
Stlth    ..........             j - amulet of guardian spirit
HPRegen  0.11/turn              l - +6 ring of dexterity
MPRegen  0.09/turn              (no ring)

@: mighty
A: [berserk 3], [blurry vision 3], [clumsy 2], [deformed body], [deterioration
2], [dopey 2], [frail 3], [low mp 2], negative energy resistance 1, electricity
resistance, [weak 2], unbreathing, petrification resistance, rot immunity,
[subdued magic 3], AC +4
a: no special abilities


You were on level 2 of the Abyss.
You visited 1 branch of the dungeon, and saw 5 of its levels.
You visited the Abyss 1 time.

You collected 419 gold pieces.
You spent 55 gold pieces at shops.

Inventory:

Hand Weapons
 a - a +0 flail (weapon)
Armour
 b - a +0 scale mail (worn)
 c - a +0 kite shield (worn)
 h - a +0 helmet (worn)
 r - a +0 pair of boots (worn)
Jewellery
 f - an uncursed ring of ice
 j - an amulet of guardian spirit (around neck)
 l - a +6 ring of dexterity (left hand)
Wands
 t - a wand of random effects (12)
 x - a wand of paralysis (3)
Scrolls
 g - 3 scrolls of teleportation
 i - 2 scrolls of fog {unknown}
 k - 2 scrolls of enchant weapon {unknown}
 m - 2 scrolls of random uselessness {unknown}
 n - a scroll of fear {unknown}
 o - 2 scrolls of enchant armour {unknown}
 p - a scroll of noise {unknown}
 w - 4 scrolls of remove curse
 y - 3 scrolls of identify
Potions
 e - 3 potions of degeneration
 q - 3 potions of stabbing
 s - a potion of brilliance {unknown}
 u - a potion of berserk rage
 v - 2 potions of lignification
 z - 2 potions of curing {unknown}


   Skills:
 * Level 8.2 Fighting
 + Level 4.1 Maces & Flails
 + Level 3.5 Armour
 + Level 0.5 Dodging
 + Level 3.6 Shields


You had 6 spell levels left.
You didn't know any spells.
Your spell library contained the following spells:

 Spells                   Type           Power        Failure   Level
 Beastly Appendage        Tmut           #.....       100%        1
 Wereblood                Tmut           #.......     100%        2
 Spider Form              Tmut/Pois      #.........   100%        3
 Ice Form                 Ice/Tmut       #.......     100%        4
 Blade Hands              Tmut           #.........   100%        5


Dungeon Overview and Level Annotations

Branches:
Dungeon (5/15)
 Temple: D:4-7

Altars:
Gozag
Kikubaaqudgha
Nemelex Xobeh

Shops:
D:4 (!::?


Innate Abilities, Weirdness & Mutations

You are resistant to torment.
Your stone body is resilient. (AC +4)
You are immune to poison.
You resist negative energy. (rN+)
You are resistant to electric shocks. (rElec)
You can survive without breathing.
You are immune to petrification.
You are immune to rotting.
[You have an uncontrollable temper.]
[Scrolls take you much longer to read.]
[You are very clumsy. (Dex -4)]
[Armour fits poorly on your strangely shaped body.]
[Your body often deteriorates upon taking damage.]
[You are very dopey. (Int -4)]
[You are extremely frail. (-30% HP)]
[Your magical capacity is very low. (-20% MP)]
[You are very weak. (Str -4)]
[Your spells are much easier to cast, but much less powerful.]


Message History

The orc warrior is almost dead.
The orc warrior hits you but does no damage.
You are cast into the Abyss!
To return, you must find a gate leading back.
Killing monsters will force the Abyss to allow you passage.
This branch contains the abyssal rune of Zot.
Found 18 gold pieces and 3 scrolls of identify.
You enter the shallow water.
Moving in this stuff is going to be slow.
You now have 364 gold pieces (gained 18).
You enter the shallow water.
Moving in this stuff is going to be slow.
y - 3 scrolls of identify You start resting.
An ancient zyme comes into view.
The wretched star pulses with an eldritch light!
Your connection to magic feels subdued.
Your connection to magic feels more subdued.
Your vision blurs. x2
The wretched star pulses with an eldritch light!
You feel a little pissed off.
You feel angry.
The wretched star pulses with an eldritch light!
You feel clumsy. x2
The wretched star pulses with an eldritch light!
Your vision blurs.
Found a green potion.
The wretched star pulses with an eldritch light!
You feel less energetic. x2
z - a green potion
There are no items here.
A rakshasa comes into view. It is wielding a +0 trident.
Found a scroll of remove curse.
The rakshasa blinks!
The wretched star pulses with an eldritch light!
You feel stupid. x2; Your body twists and deforms.
A small abomination comes into view.
The wretched star glows turbulently.
The lance of force hits you!!
Ouch! That really hurt!
You are knocked back by the lance of force.
You slam into the metal wall!
* * * LOW HITPOINT WARNING * * *
The wretched star pulses with an eldritch light!
You feel frail. x2
The wretched star pulses with an eldritch light!
You feel frail.
Found a gateway leading deeper into the Abyss.
The rakshasa weaves an illusion.
The wretched star pulses with an eldritch light!
You feel yourself wasting away.
You feel your body start to fall apart.
A ynoxinul comes into view.
The ynoxinul bellows!
The wretched star pulses with an eldritch light!
You feel weaker. x2
The wretched star pulses with an eldritch light!
Your connection to magic feels nearly dormant.
The wretched star pulses with an eldritch light!
You feel extremely angry at everything! The ynoxinul barely misses you.
There is a gateway leading deeper into the Abyss here.
The ynoxinul hits you but does no damage.
You plunge deeper into the Abyss.
Found an embroidered robe.
You see here an embroidered robe.
Found a green potion.
z - 2 green potions (gained 1)
A small abomination comes into view.
You block the small abomination's attack.
You barely miss the small abomination. The small abomination hits you!
* * * LOW HITPOINT WARNING * * *
Your body deteriorates!
You feel weakened.
The small abomination closely misses you.
You hit the small abomination but do no damage.
The small abomination hits you.
* * * LOW HITPOINT WARNING * * *
The small abomination hits you.
* * * LOW HITPOINT WARNING * * *
You hit the small abomination.
The small abomination is moderately damaged.
You block the small abomination's attack.
The small abomination barely misses you.
You closely miss the small abomination.
The small abomination is moderately damaged.
The small abomination hits you.
* * * LOW HITPOINT WARNING * * *
You hit the small abomination but do no damage.
The small abomination is moderately damaged.
You block the small abomination's attack.
The small abomination hits you but does no damage.
Okay, then.
Really quaff
d - a potion of might {@q3 !q}? [Y]es or [N]o only, please.
Really quaff
d - a potion of might {@q3 !q}?
You feel very mighty all of a sudden.
The small abomination barely misses you.
Okay, then.
You sock the small abomination!
The small abomination is heavily damaged.
The small abomination hits you.
You die...

. .### . . # ..
###.# . #....#
### #.
####....####@##
.........
.....##x# . ...
#.#.#....## .
##........
..#.# . ...
.... ...#### .
######### .## .
# ...# ##. # .
### ..###. .# .
.#... .. . #


You could see a small abomination.

Vanquished Creatures
  Eustachio (D:4)
  2 ogres (D:4)
  A howler monkey (D:4)
  Ijyb (D:3)
  3 worker ants (D:4)
  An orc wizard (D:5)
  5 gnolls
  A howler monkey skeleton (D:4)
  6 adders
  An ooze (D:1)
  An adder skeleton (D:4)
  2 worms
  3 dart slugs
  2 leopard geckos
  11 orcs
  5 bats
  5 giant cockroaches
  6 goblins
  6 hobgoblins
  2 jackals (D:4)
  2 quokkas
  A ball python (D:2)
  7 frilled lizards
  6 kobolds
  5 rats
86 creatures vanquished.

Vanquished Creatures (others)
  3 plants (D:5)
3 creatures vanquished.

Grand Total: 89 creatures vanquished

Notes
Turn   | Place    | Note
-------+----------+-------------------------------------------
     0 | D:1      | Ozzies the Gargoyle Fighter began the quest for the Orb.
     0 | D:1      | Reached XP level 1. HP: 14/14 MP: 1/1
    66 | D:1      | Reached XP level 2. HP: 19/20 MP: 2/2
    74 | D:1      | Reached skill level 4 in Fighting
   356 | D:1      | Reached XP level 3. HP: 20/24 MP: 3/3
   799 | D:2      | Reached skill level 5 in Fighting
  1215 | D:2      | Reached XP level 4. HP: 31/31 MP: 4/4
  1588 | D:3      | Noticed Ijyb
  1592 | D:3      | Paralysed by Ijyb for 3 turns
  1607 | D:3      | Killed Ijyb
  1607 | D:3      | Reached XP level 5. HP: 35/36 MP: 5/5
  1771 | D:3      | Found an ancient bone altar of Kikubaaqudgha.
  1774 | D:3      | Found a sparkling altar of Nemelex Xobeh.
  1777 | D:3      | Found an opulent altar of Gozag.
  2028 | D:4      | Reached skill level 6 in Fighting
  2305 | D:4      | Found Viywkot's Distillery.
  2306 | D:4      | Found Moduehar's Weapon Shop.
  2555 | D:4      | Reached XP level 6. HP: 39/42 MP: 4/6
  2668 | D:4      | Found Fieteh's Book Emporium.
  2676 | D:4      | Noticed Eustachio
  3486 | D:4      | Killed Eustachio
  3486 | D:4      | Reached skill level 7 in Fighting
  3486 | D:4      | Reached XP level 7. HP: 40/48 MP: 4/7
  3950 | D:4      | Found Atalisywn's Book Boutique.
  4022 | D:4      | Reached skill level 8 in Fighting
  4040 | D:4      | Found Uwnubyo's Magic Scroll Shoppe.
  4048 | D:4      | Bought a scroll of remove curse for 33 gold pieces
  4048 | D:4      | Bought a scroll of identify for 22 gold pieces
  4408 | D:5      | Entered Level 5 of the Dungeon
  4528 | D:5      | Cast into level 1 of the Abyss (orc warrior)
  4588 | Abyss:1  | Noticed an ancient zyme
  4590 | Abyss:1  | Noticed a wretched star
  4630 | Abyss:1  | Noticed a rakshasa
  4646 | Abyss:1  | Noticed a ynoxinul
  4695 | Abyss:2  | Slain by a small abomination

Illustrated notes

Levels and vault maps discovered:
D:1:      dpeg_arrival_leaves_temple_mockup, layout_basic
D:2:      layout_rooms
D:3:      layout_basic, grunt_temple_overflow_diamond, uniq_ijyb
D:4:      layout_basic, serial_shops, nicolae_shop_trees, nicolae_shop_stone,
          shop, shop_coins, kennysheep_mini_moat, uniq_eustachio
D:5:      layout_loops_ring, portal_sewer_entry_b, biasface_ghost_orc_armoury,
          serial_bayou_lake_a
Abyss:2:  base:
D:5

Skill      XL: |  1  2  3  4  5  6  7 |
---------------+----------------------+-----
Fighting       | 4 5 6 7 8 |  8.2
Maces & Flails | 3 4 |  4.1
Armour         | |  3.5
Dodging        | |  0.5
Shields        | |  3.6

Action                   |  1- 3 |  4- 6 |  7- 9 || total
-------------------------+-------+-------+-------++-------
Melee: Flail             |   116 |   259 |    55 ||   430
  Use: Scroll            |       |       |     5 ||     5
       Potion            |       |       |     1 ||     1
Armor: Scale mail        |    74 |   238 |    15 ||   327
Dodge: Dodged            |    46 |   151 |    18 ||   215
Block: Kite shield       |    57 |   215 |    25 ||   297

Table legend: (Time is in decaauts)
 A = Elapsed time spent in this place.
 B = Non-inter-level travel time spent in this place.
 C = Inter-level travel time spent in this place.
 D = Time resting spent in this place.
 E = Time spent auto-exploring this place.
 F = Levels seen in this place.
 G = Mean time per level.
                   A        B        C        D        E       F      G
               +--------+--------+--------+--------+--------+-----+--------+
         Total |   4856 |   4760 |     96 |   1075 |   2633 |   7 |  693.7 |
       Dungeon |   4685 |   4589 |     96 |   1027 |   2633 |   5 |  937.0 |
         Abyss |    171 |    171 |      0 |     48 |      0 |   2 |   85.5 |
               +--------+--------+--------+--------+--------+-----+--------+

Top non-repeatable levels by time:
     D:3: 1830 daAuts
     D:4: 1428 daAuts
     D:1: 824 daAuts
     D:2: 467 daAuts
     D:5: 135 daAuts
 Abyss:1: 126 daAuts
 Abyss:2: 45 daAuts
